 Dungeon Crawl Stone Soup version 0.28.0-49-g6dfe1f597d (webtiles) character file.

Game seed: 6608687600838495900

620 Gabide the Twirler (level 7, -7/52 HPs)
             Began as a Mummy Artificer on May 16, 2022.
             Mangled by a gnoll shaman
             ... wielding a +0 club
              (13 damage)
             ... on level 4 of the Dungeon.
             The game lasted 00:11:00 (5756 turns).

Gabide the Twirler (Mummy Artificer)                Turns: 5756, Time: 00:11:01

Health: -7/52      AC:  7    Str: 17    XL:     7   Next: 22%
Magic:  7/7        EV: 11    Int: 10    God:
Gold:   172        SH:  0    Dex: 13    Spells: 6/6 levels left

rFire   . . .      SeeInvis .   i - +0 morningstar
rCold   + . .      Faith    .   (no shield)
rNeg    + + +      Spirit   .   l - +2 ring mail {rF+}
rPois   ∞          Reflect  .   (no helmet)
rElec   .          Harm     .   (no cloak)
rCorr   .          Rampage  .   (no gloves)
Will    .....                   (no boots)
Stlth   +.........              (no amulet)
HPRegen 0.17/turn               (no ring)
MPRegen 0.10/turn               (no ring)

@: no status effects
A: cold resistance 1, negative energy resistance 3, torment resistance 2, heat
vulnerability 1, no potions
a: no special abilities


You were on level 4 of the Dungeon.
You visited 1 branch of the dungeon, and saw 5 of its levels.

You collected 172 gold pieces.

Inventory:

Hand Weapons
 c - a +0 dagger of venom
 h - the +3 dagger "Vyhiem" {freeze, SInv}
   (You took it off a hobgoblin on level 2 of the Dungeon)

   It freezes those it strikes, dealing additional cold damage.
   It can also slow down cold-blooded creatures.
   SInv:      It lets you see invisible.
 i - a +0 morningstar (weapon)
 k - a +1 antimagic war axe
Armour
 f - a +0 scale mail
 l - a +2 ring mail of fire resistance (worn)
Scrolls
 b - a scroll of amnesia
 j - a scroll of identify
Miscellaneous
 e - a piece from Xom's chessboard (inert)


   Skills:
 - Level 3.0 Fighting
 * Level 4.2 Staves
 - Level 3.0 Armour
 - Level 3.0 Dodging
 - Level 1.0 Stealth
 - Level 2.4 Evocations


You had 6 spell levels left.
You didn't know any spells.
Your spell library contained the following spells:

 Spells                   Type           Power      Damage    Failure   Level
 Summon Ice Beast         Ice/Summ       0%         N/A       100%        4
 Summon Mana Viper        Hex/Summ       0%         N/A       100%        5
 Monstrous Menagerie      Summ           0%         N/A       100%        7


Dungeon Overview and Level Annotations

Branches:
Dungeon (5/15)
 Temple: D:4-7

Altars:
Nemelex Xobeh


Innate Abilities, Weirdness & Mutations

You are immune to poison.
Your flesh is cold resistant. (rC+)
You are immune to negative energy. (rN+++)
You are immune to unholy pain and torment.
You are vulnerable to heat. (rF-)
You do not drink.


Message History

The gnoll shaman hits you with a +0 club.
You hear a shout!
You make a move on Xom's chessboard...
The gnoll shaman is outlined in light.
The gnoll hits you from afar with a +0 halberd.
The gnoll shaman barely misses you.
You barely miss the gnoll shaman.
The gnoll shaman hits you but does no damage.
The gnoll hits you but does no damage.
You hit the gnoll shaman.
The gnoll shaman is moderately wounded.
The gnoll shaman calls upon its god to heal the gnoll.
The gnoll's wounds heal themselves!
The gnoll barely misses you.
You barely miss the gnoll shaman.
The gnoll shaman is moderately wounded.
The gnoll shaman hits you with a +0 club.
The gnoll hits you from afar with a +0 halberd!
The gnoll shaman mumbles some strange prayers to its god against you.
You easily resist.
The gnoll barely misses you.
A gnoll comes into view. It is wielding a +0 club.
The gnoll shouts!
The gnoll shaman stops glowing.
The gnoll shaman invokes the aid of its god against you.
You easily resist.
You see here a scorpion corpse.
You make a move on Xom's chessboard...
The gnoll shaman seems to grow stronger.
You make a move on Xom's chessboard...
The gnoll shaman resists with significant effort.
You make a move on Xom's chessboard...
The gnoll shaman seems to speed up.
The gnoll shaman hits you with a +0 club.
The gnoll shaman hits you with a +0 club!
* * * LOW HITPOINT WARNING * * *
You make a move on Xom's chessboard...
The gnoll struggles to resist.
The gnoll shaman completely misses you.
You can't drink.
Okay, then.
You make a move on Xom's chessboard...
The gnoll struggles to resist.
The chess piece greys!
The gnoll shaman hits you with a +0 club!
You die...

#.. .g# #.# #.#
#.####.###.##
#.#...........
###.#.##.###.###
#g...g##.#
#g#g.....#
#g######## ##@#
#..# #####.###
#.......#
#.##....# #.. .
#.#.#.####....
#...#.........
#..##.####.###
#.##....####.#


You could see a gnoll shaman (fast, strong) and 2 gnolls.

Vanquished Creatures
  A black bear (D:4)
  An ogre (D:4)
  A phantom (D:4)
  2 scorpions (D:4)
  A howler monkey (D:4)
  An orc priest (D:2)
  An orc wizard (D:3)
  A hound skeleton (D:4)
  3 adders
  2 worms (D:2)
  12 orcs
  5 ball pythons
  7 bats
  5 endoplasms
  4 giant cockroaches
  4 goblins
  6 hobgoblins
  4 jackals
  6 frilled lizards
  2 kobolds (D:1)
  9 rats
78 creatures vanquished.

Vanquished Creatures (collateral kills)
  An orc priest (D:2)
  5 orcs
  A giant cockroach (D:1)
  A goblin (D:1)
  2 jackals (D:1)
10 creatures vanquished.

Vanquished Creatures (others)
  An orc wizard (D:2)
  An orc (D:3)
  2 jackals
4 creatures vanquished.

Grand Total: 92 creatures vanquished

Notes
Turn   | Place    | Note
-------+----------+-------------------------------------------
     0 | D:1      | Gabide the Mummy Artificer began the quest for the Orb.
     0 | D:1      | Reached XP level 1. HP: 15/15 MP: 1/1
   187 | D:1      | Reached skill level 1 in Stealth
   207 | D:1      | Reached skill level 1 in Dodging
   218 | D:1      | Reached XP level 2. HP: 4/21 MP: 2/2
   875 | D:1      | Found a faded altar of an unknown god.
  1447 | D:2      | Reached XP level 3. HP: 27/27 MP: 3/3
  1933 | D:2      | Identified the +3 dagger "Vyhiem" {freeze, SInv}
  2341 | D:2      | Reached XP level 4. HP: 9/34 MP: 4/4
  3421 | D:3      | Found a sparkling altar of Nemelex Xobeh.
  3549 | D:3      | Reached XP level 5. HP: 35/40 MP: 5/5
  4753 | D:4      | Noticed a phantom
  5040 | D:4      | Killed a phantom
  5041 | D:4      | Reached skill level 1 in Staves
  5041 | D:4      | Reached XP level 6. HP: 34/47 MP: 6/6
  5065 | D:4      | Reached skill level 2 in Staves
  5181 | D:4      | Reached skill level 3 in Staves
  5229 | D:4      | HP: 2/47 [scorpion (2)]
  5239 | D:5      | Entered Level 5 of the Dungeon
  5511 | D:4      | Reached XP level 7. HP: 50/52 MP: 7/7
  5665 | D:4      | Reached skill level 4 in Staves
  5756 | D:4      | Mangled by a gnoll shaman

Illustrated notes

Levels and vault maps discovered:
D:1:      ncdulo_watergridlock, layout_rooms, dreamdust_ecumenical_altar_grove,
          hangedman_decor_riveting, glass_columns_c
D:2:      cheibrodos_pilgrimage, layout_basic, grunt_decor_one_mirror,
          corexii_item_surrounded_by_moat
D:3:      layout_loops_ring, nemelex_xobeh_ov_fountains_minmay
D:4:      layout_loops_cross, kennysheep_generic_room_7
D:5:      layout_loops_ring, mainiacjoe_overflow_catch_the_wave,
          nzn_wu_jian_council_hall, minmay_temple_entry_mini_moons,
          gup_sewer_entry_bowl, hellmonk_ghost_happy_afterlife,
          uniq_crazy_yiuf_cottage, uniq_prince_ribbit1, uniq_grinder,
          uniq_eustachio

Skill      XL: |  1  2  3  4  5  6  7 |
---------------+----------------------+-----
Stealth        | 1 |  1.0
Dodging        | 1 2 3 |  3.0
Armour         | 2 3 |  3.0
Fighting       | 2 3 |  3.0
Staves         | 1 3 4 |  4.2
Evocations     | |  2.4

Action                   |  1- 3 |  4- 6 |  7- 9 || total
-------------------------+-------+-------+-------++-------
Melee: Club              |   158 |       |       ||   158
       Punch             |     2 |       |       ||     2
       Dagger            |    17 |   124 |       ||   141
       Morningstar       |       |    42 |    25 ||    67
Evoke: Wand              |    16 |    14 |       ||    30
       Piece from Xom's  |       |    12 |     8 ||    20
  Use: Scroll            |       |     4 |       ||     4
 Stab: Sleeping          |       |     4 |       ||     4
       Petrified         |       |     8 |       ||     8
       Paralysed         |       |     5 |       ||     5
       Confused          |       |       |     1 ||     1
Armor: Leather armour    |    84 |     7 |       ||    91
       Ring mail         |       |    43 |    12 ||    55
Dodge: Dodged            |   145 |    78 |    18 ||   241
